 Dungeon Crawl Stone Soup version 0.24-a0-487-g57318f2 (webtiles) character file.

Game seed: 15744578039297099243

142 silentkaos13 the Bolt Thrower (level 5, -1/37 HPs)
             Began as a Demonspawn Wanderer on July 11, 2019.
             Blown up by Ijyb (5 damage)
             ... with a disintegration bolt
             ... on level 3 of the Dungeon.
             The game lasted 00:06:31 (1816 turns).

silentkaos13 the Bolt Thrower (Demonspawn Wanderer) Turns: 1816, Time: 00:06:32

Health: -1/37      AC: 12    Str: 13    XL:     5   Next: 4%
Magic:  8/8        EV:  8    Int: 11    God:
Gold:   128        SH:  0    Dex: 15    Spells: 8/9 levels left

rFire    + . .     SeeInvis .   a - +0 hand crossbow
rCold    . . .     Gourm    .   (no shield)
rNeg     . . .     Faith    .   i - +3 scale mail
rPois    .         Spirit   .   (no helmet)
rElec    .         Reflect  .   (no cloak)
rCorr    .         Harm     .   (no gloves)
MR       .....                  g - +2 pair of boots
Stlth    ..........             (no amulet)
HPRegen  0.12/turn              (no ring)
MPRegen  0.11/turn              (no ring)

@: heavily drained
A: fire resistance 1, flame cloud immunity
a: no special abilities


You were on level 3 of the Dungeon.
You were not hungry.

You visited 1 branch of the dungeon, and saw 3 of its levels.

You collected 128 gold pieces.

Inventory:

Hand Weapons
 a - a +0 hand crossbow (weapon)
Missiles
 c - 53 bolts (quivered)
Armour
 e - a +0 robe
 g - a +2 pair of boots (worn)
 i - a +3 scale mail (worn)
 m - a +0 cloak
 n - a +0 pair of gloves
 p - a +0 pair of boots
Wands
 l - a wand of flame (20)
 t - a wand of acid (8)
Scrolls
 j - 2 scrolls of enchant armour {unknown}
 k - 3 scrolls of remove curse {unknown}
 q - 3 scrolls of enchant weapon {unknown}
 s - a scroll of immolation {unknown}
Potions
 d - 5 potions of curing {unknown}
 h - 3 potions of brilliance {unknown}
 o - a potion of invisibility {unknown}
 r - a potion of agility {unknown}
Miscellaneous
 b - a phial of floods
Comestibles
 f - 4 rations


   Skills:
 + Level 1.5(0.0) Fighting
 + Level 3.4(1.1) Crossbows
 + Level 1.5(0.0) Armour
 + Level 0.6(0.0) Dodging
 + Level 0.2(0.0) Stealth
   Level 1.0(0.0) Shields
 + Level 2.6(0.4) Spellcasting
   Level 1.7(0.0) Translocations
   Level 1.0(0.0) Transmutations
 + Level 1.2(0.0) Evocations


You had 8 spell levels left.
You knew the following spells:

 Your Spells              Type           Power        Failure   Level  Hunger
a - Shock                 Conj/Air       #...         86%         1    ##.....

Your spell library contained the following spells:

 Spells                   Type           Power        Failure   Level  Hunger
 Mephitic Cloud           Conj/Pois/Air  #.......     99%         3    ####...


Dungeon Overview and Level Annotations

Branches:
Dungeon (3/15)

Altars:

Annotations:
D:3 Ijyb


Innate Abilities, Weirdness & Mutations

Your flesh is heat resistant. (rF+)
You are immune to clouds of flame.


Message History

Press: ? - help, Shift-Dir - straight line, f/p - Ijyb
Aim: Ijyb, wielding a +0 dagger, wearing a +0 ring mail and carrying a wand of disintegration (16) (moderately wounded)
You shoot a bolt. The bolt hits Ijyb but does no damage.
Ijyb is moderately wounded.
Ijyb hits you with a +0 dagger.
Firing (i - inventory)
c - 55 bolts (quivered)
Press: ? - help, Shift-Dir - straight line, f/p - Ijyb
Aim: Ijyb, wielding a +0 dagger, wearing a +0 ring mail and carrying a wand of disintegration (16) (moderately wounded)
You shoot a bolt. The bolt hits Ijyb.
Ijyb is heavily wounded.
Ijyb closely misses you.
Ijyb zaps a wand.
You are blasted!
Ouch! That really hurt!
* * * LOW HITPOINT WARNING * * *
Firing (i - inventory)
c - 54 bolts (quivered)
Press: ? - help, Shift-Dir - straight line, f/p - Ijyb
Aim: Ijyb, wielding a +0 dagger, wearing a +0 ring mail and carrying a wand of disintegration (15) (heavily wounded)
You shoot a bolt. The bolt hits Ijyb but does no damage.
Ijyb is heavily wounded.
Ijyb zaps a wand.
You are blasted!
You die...

#......####
#.#####.##.## #####
###.#...#########...#
#...................#
#.###...#########...#
#.# #..## ##.##
#.###..# ###.####
#......# ###.......
######@# #.......#.
#g..# #.#.#.#.#
#(....# #.#...#.#
#.......# #.#..##.#
#(!.......###....## #
+.........+....)..#.#.
#.........###.........
##.......## ###.######
#.#


You could see Ijyb.

Vanquished Creatures
  A scorpion (D:2)
  Terence (D:2)
  Robin (D:2)
  A worm (D:2)
  2 dart slugs (D:1)
  An orc (D:3)
  4 bats
  10 goblins
  10 hobgoblins
  3 jackals (D:1)
  6 kobolds
  5 rats
45 creatures vanquished.

Vanquished Creatures (others)
  A goblin (D:2)
1 creature vanquished.

Grand Total: 46 creatures vanquished

Notes
Turn   | Place    | Note
-------+----------+-------------------------------------------
     0 | D:1      | silentkaos13 the Demonspawn Wanderer began the quest for
                  | the Orb.
     0 | D:1      | silentkaos13 set off with the following items: a +0 hand
                  | crossbow, a phial of floods, 25 bolts, a +0 robe, a ration;
                  | and the following spell memorised: Shock; and the following
                  | spells available to memorise: Mephitic Cloud
     0 | D:1      | Reached XP level 1. HP: 15/15 MP: 3/3
    29 | D:1      | Gained mutation: Your flesh is heat resistant. (rF+)
                  | [demonic ancestry]
    29 | D:1      | Reached XP level 2. HP: 20/21 MP: 5/5
   612 | D:1      | Gained mutation: You are immune to clouds of flame.
                  | [demonic ancestry]
   612 | D:1      | Reached XP level 3. HP: 26/26 MP: 6/6
   834 | D:2      | Noticed Robin
   838 | D:2      | Reached skill level 2 in Crossbows
   843 | D:2      | Killed Robin
  1120 | D:2      | Noticed a scorpion
  1131 | D:2      | Killed a scorpion
  1131 | D:2      | Reached skill level 3 in Crossbows
  1131 | D:2      | Reached XP level 4. HP: 19/32 MP: 7/7
  1381 | D:2      | Noticed Terence
  1394 | D:2      | Killed Terence
  1473 | D:2      | Reached XP level 5. HP: 37/37 MP: 8/8
  1811 | D:3      | Noticed Ijyb
  1816 | D:3      | Blown up by Ijyb

Levels and vault maps discovered:
D:1:      minmay_arrival_up_and_down, layout_loops_corners, minmay_tripent
D:2:      layout_rooms, uniq_terence, uniq_robin
D:3:      layout_loops_corners, chequers_ecumenical_altar_simple,
          kennysheep_generic_room_11, uniq_sigmund, uniq_jessica, uniq_ijyb

Skill      XL: |  1  2  3 |
---------------+----------+-----
Crossbows      | 3 |  3.4
Fighting       | |  1.5
Armour         | |  1.5
Dodging        | |  0.6
Stealth        | |  0.2
Shields        | |  1.0
Spellcasting   | |  2.6
Translocations | |  1.7
Transmutations | |  1.0
Evocations     | |  1.2

Action                   |  1- 3 |  4- 6 || total
-------------------------+-------+-------++-------
 Fire: Hand crossbow     |    93 |    27 ||   120
  Eat: Ration            |       |     1 ||     1
Armor: Robe              |     1 |       ||     1
       Scale mail        |    48 |     4 ||    52
Dodge: Dodged            |    43 |     4 ||    47

Table legend:
 A = Non-vault XP
 B = Vault XP
 C = Vault XP percentage of total XP
 D = Non-vault monster count
 E = Vault monster count
 F = Vault count percentage of total count
                 A         B        C        D         E       F
            +---------+---------+-------+---------+---------+-------
      Total |     130 |      74 |  36.3 |      32 |      13 |  28.9
            +---------+---------+-------+---------+---------+-------
        D:1 |      40 |       4 |   9.1 |      21 |       2 |   8.7
        D:2 |      87 |      70 |  44.6 |      10 |      11 |  52.4
        D:3 |       3 |       0 |   0.0 |       1 |       0 |   0.0
            +---------+---------+-------+---------+---------+-------
